 Dungeon Crawl Stone Soup version 0.18.1-6-gd335043 (webtiles) character file.

3917 Gorice the Conjurer (level 9, -1/62 HPs)
             Began as a Demigod Ice Elementalist on May 19, 2016.
             Slain by an orc warrior
             ... wielding a +0 war axe
              (22 damage)
             ... in a bailey.
             The game lasted 01:00:32 (10185 turns).

Gorice the Conjurer (Demigod Ice Elementalist)     Turns: 10185, Time: 01:00:33

Health: -1/62      AC:  9    Str: 11    XL:     9   Next: 69%
Magic:  1/22       EV: 15    Int: 25    God:
Gold:   416        SH:  0    Dex: 16    Spells: 5 memorised, 6 levels left

rFire  . . .     SeeInvis .     j - +7 Screaming Sword
rCold  . . .     Gourm    .     V - +2 robe {MR+}
rNeg   + . .     Faith    .     (no shield)
rPois  .         Spirit   .     W - +2 helmet
rElec  .         Dismiss  .     (no cloak)
rCorr  .         Reflect  .     u - +0 pair of gloves
SustAt +         Harm     .     P - +0 pair of boots
MR     +....                    D - amulet of magic regeneration
Stlth  ++........               A - ring of positive energy
                                p - +3 ring of evasion

@: somewhat resistant to hostile enchantments, unstealthy
A: high mp 1, sustain attributes
a: no special abilities


You were in a bailey.
You were hungry.

You visited 2 branches of the dungeon, and saw 8 of its levels.
You also visited: Bailey.

You collected 416 gold pieces.

Inventory:

Hand Weapons
 a - a +2 whip of venom
   (You took it off an orc on level 3 of the Dungeon)
 b - a +0 hunting sling
 d - a +0 morningstar of freezing
   (You found it in a bailey)
 j - the +7 Screaming Sword (weapon)
   (You found it on level 5 of the Dungeon)
 l - a +0 dagger of venom
   (You took it off an orc wizard on level 4 of the Dungeon)
 J - a +2 vampiric dagger
   (You took it off an orc wizard on level 6 of the Dungeon)
Missiles
 n - 11 tomahawks
 o - 5 javelins (quivered)
 t - 49 poisoned needles
 I - 5 poisoned tomahawks
 N - 16 sling bullets
 Z - 242 stones
Armour
 u - a +0 pair of gloves (worn)
 x - a +1 robe of positive energy
   (You took it off an orc wizard on level 5 of the Dungeon)
 H - a +0 leather armour
 K - a +0 ring mail
 P - a +0 pair of boots (worn)
 S - a +2 large shield
 V - a +2 robe of magic resistance (worn)
   (You found it in a bailey)
 W - a +2 helmet (worn)
Jewellery
 p - a +3 ring of evasion (left hand)
 y - an uncursed amulet of the gourmand
 A - a ring of positive energy (right hand)
 D - an amulet of magic regeneration (around neck)
 F - an uncursed amulet of dismissal
Wands
 E - a wand of acid (1/15)
 L - a wand of slowing (17/48)
Scrolls
 e - a scroll of magic mapping {!r}
 h - 3 scrolls of noise {!r}
 i - 2 scrolls of fear {!r}
 k - 2 scrolls of teleportation {!r}
 B - a scroll of vulnerability {unknown}
 C - 3 scrolls of immolation {!r}
 G - a scroll of blinking
 Q - a scroll of enchant armour {unknown}
Potions
 f - a potion of cure mutation {!q}
 m - 2 potions of resistance {!q}
 r - a potion of brilliance {!q}
 v - 3 potions of curing
 w - a potion of might {!q}
 z - 2 potions of berserk rage
 M - a potion of cancellation {!q}
 O - a potion of flight
 U - 3 potions of heal wounds {!q}
 X - a potion of mutation {!q}
Books
 q - a book of Frost
Comestibles
 c - 5 bread rations {!e}
 g - 4 meat rations {!e}
 s - 6 fruits
 R - a royal jelly
 T - a beef jerky
 Y - a slice of pizza


   Skills:
 - Level 1.7 Dodging
 - Level 1.7 Stealth
 + Level 6.2 Spellcasting
 * Level 7.7 Conjurations
 - Level 5.0 Charms
 + Level 7.2 Ice Magic


You had 6 spell levels left.
You knew the following spells:

 Your Spells              Type           Power        Failure   Level  Hunger
a - Freeze                Ice            ####         1%          1    None
b - Throw Frost           Conj/Ice       #####.       1%          2    None
c - Throw Icicle          Conj/Ice       #####...     3%          4    ###....
d - Summon Ice Beast      Ice/Summ       ####....     17%         4    ###....
o - Ozocubu's Armour      Chrm/Ice       #####...     1%          3    None


Dungeon Overview and Level Annotations

Branches:
Dungeon (7/15)             Temple (1/1) D:6


Innate Abilities, Weirdness & Mutations

You have an increased reservoir of magic (+10% MP).
Your attributes are resistant to harm.


Message History

The orc high priest hits you with a broad axe!
* * * LOW HITPOINT WARNING * * *
Damage: 11 (max 16) Unknown command.
Casting: Freeze
Confirm with . or Enter, or press ? or * to list all spells.
Aiming: Throw Icicle
Press: ? - help, Shift-Dir - straight line, f/p - orc high priest
Aim: an orc high priest, wielding a broad axe and wearing a ring mail (heavily wounded)
The shard of ice hits the orc high priest.
The orc high priest is severely wounded.
The Screaming Sword yells, "Steel will triumph where flesh falters!"
The orc, the orc warrior and the orc high priest are hurt by the noise.
You hear a shout! x4
Unknown command.
Casting: Throw Icicle
Confirm with . or Enter, or press ? or * to list all spells.
Aiming: Throw Icicle
Press: ? - help, Shift-Dir - straight line, f/p - orc high priest
Aim: an orc high priest, wielding a broad axe and wearing a ring mail (severely wounded)
The shard of ice hits the orc high priest.
The orc high priest is almost dead.
The orc high priest hits you with a broad axe.
* * * LOW HITPOINT WARNING * * *
Damage: 2 (max 16) Unknown command.
Casting: Throw Icicle
Confirm with . or Enter, or press ? or * to list all spells.
You don't have enough magic to cast that spell.
Casting: Throw Icicle
Confirm with . or Enter, or press ? or * to list all spells.
Aiming: Freeze
Press: ? - help, Shift-Dir - straight line, f/p - orc high priest
Aim: an orc high priest, wielding a broad axe and wearing a ring mail (almost dead)
You freeze the orc high priest.
The orc high priest is almost dead.
The orc high priest barely misses you.
Unknown command.
Casting: Freeze
Confirm with . or Enter, or press ? or * to list all spells.
Aiming: Freeze
Press: ? - help, Shift-Dir - straight line, f/p - orc high priest
Aim: an orc high priest, wielding a broad axe and wearing a ring mail (almost dead)
You freeze the orc high priest.
You kill the orc high priest!
Unknown command.
You slash the orc warrior!
The orc warrior is heavily wounded.
The orc warrior hits you with a war axe!!
You die...

#.....∩.....#
#############
#....'.'...)#
#....#.#..))#
#########.######
#o.oo....o.^...+
#..######.###### #.
#...o#)#...[# #
#...@o.+...[#
#############
##+#..g........#+##
+........_........+
#.8.............8.#
#.................#
#.8.###########.8.#
#.....#######.....#
#.8...#.....#...8.#


You could see an orc warrior, an orc and a goblin.

Vanquished Creatures
  An orc high priest (Bailey)
  An orc sorcerer (Bailey)
  A troll (D:6)
  Prince Ribbit (D:6)
  Eustachio (D:6)
  A water moccasin (D:6)
  5 orc warriors
  2 phantoms
  A sky beast (D:5)
  3 ogres
  2 centaurs
  A giant frog (D:4)
  5 scorpions
  2 howler monkeys (D:3)
  A crimson imp (D:6)
  6 hounds
  3 orc priests
  A centaur skeleton (D:6)
  4 giant frog skeletons
  8 orc wizards
  2 iguanas (D:4)
  3 worker ants
  A worker ant zombie (D:7)
  A gnoll (Bailey)
  7 adders
  3 shadow imps
  2 oozes (D:1)
  5 worms
  2 dart slugs
  6 giant geckos
  30 orcs
  3 ball pythons
  3 bats
  5 giant cockroaches
  12 goblins
  12 hobgoblins
  16 jackals
  6 kobolds
  6 quokkas
  A giant gecko skeleton (D:5)
  10 giant newts
  A quokka skeleton (D:5)
  A quokka zombie (D:7)
  7 rats
195 creatures vanquished.

Vanquished Creatures (others)
  A fungus (D:5)
1 creature vanquished.

Grand Total: 196 creatures vanquished

Notes
Turn   | Place    | Note
--------------------------------------------------------------
     0 | D:1      | Gorice the Demigod Ice Elementalist began the quest for the Orb.
     0 | D:1      | Reached XP level 1. HP: 14/14 MP: 5/5
   121 | D:1      | Reached skill level 2 in Spellcasting
   137 | D:1      | Reached skill level 3 in Ice Magic
   169 | D:1      | Reached XP level 2. HP: 20/20 MP: 4/7
   865 | D:1      | Reached XP level 3. HP: 26/26 MP: 6/9
  1085 | D:1      | Learned a level 2 spell: Throw Frost
  1107 | D:1      | Learned a level 3 spell: Ozocubu's Armour
  1787 | D:2      | Found a burning altar of Makhleb.
  2070 | D:3      | Reached skill level 4 in Ice Magic
  2070 | D:3      | Reached XP level 4. HP: 33/33 MP: 5/10
  2212 | D:3      | Found an ancient bone altar of Kikubaaqudgha.
  2475 | D:3      | Reached skill level 3 in Spellcasting
  2475 | D:3      | Reached skill level 5 in Ice Magic
  2475 | D:3      | Reached XP level 5. HP: 36/38 MP: 6/12
  3193 | D:4      | Noticed a centaur
  3208 | D:4      | Found an opulent altar of Gozag.
  3431 | D:4      | Reached XP level 6. HP: 42/45 MP: 4/14
  4035 | D:5      | Entered Level 5 of the Dungeon
  4050 | D:5      | Reached skill level 6 in Ice Magic
  4108 | D:5      | Reached skill level 4 in Spellcasting
  4108 | D:5      | Reached skill level 1 in Conjurations
  4108 | D:5      | Reached skill level 1 in Charms
  4304 | D:5      | Reached XP level 7. HP: 50/50 MP: 14/16
  4339 | D:5      | Learned a level 4 spell: Throw Icicle
  4547 | D:5      | Reached skill level 2 in Conjurations
  4724 | D:5      | Reached skill level 2 in Charms
  4752 | D:5      | Found a shattered altar of Ashenzari.
  5008 | D:5      | HP: 15/50 [poisoned by a scorpion]
  5014 | D:5      | HP: 14/50 [poisoned by a scorpion]
  5021 | D:5      | Reached skill level 3 in Conjurations
  5021 | D:5      | Reached skill level 3 in Charms
  5539 | D:4      | Found a deep blue altar of Sif Muna.
  5540 | D:4      | Found a shimmering altar of Xom.
  5836 | D:4      | Reached XP level 8. HP: 51/57 MP: 16/18
  6332 | D:4      | Reached skill level 4 in Conjurations
  6499 | D:5      | Reached skill level 4 in Charms
  6689 | D:5      | Found a deep blue altar of Sif Muna.
  6894 | D:5      | HP: 16/57 [phantom (4)]
  7193 | D:4      | Reached skill level 5 in Spellcasting
  7244 | D:4      | Reached skill level 5 in Conjurations
  7244 | D:4      | Reached skill level 5 in Charms
  7406 | D:6      | Noticed Eustachio
  7460 | D:6      | Noticed a troll
  7477 | D:6      | HP: 13/57 [troll (11)]
  7875 | D:6      | Found an oddly glowing altar of Pakellas.
  8035 | D:6      | Found a staircase to the Ecumenical Temple.
  8044 | Temple   | Entered the Ecumenical Temple
  8490 | D:6      | Noticed Prince Ribbit
  8641 | D:6      | Killed Eustachio
  8641 | D:6      | Reached XP level 9. HP: 62/62 MP: 11/20
  8699 | D:6      | Reached skill level 6 in Conjurations
  8708 | D:6      | Learned a level 4 spell: Summon Ice Beast
  8790 | D:6      | HP: 16/62 [Prince Ribbit (11)]
  9020 | D:6      | Killed Prince Ribbit
  9041 | D:6      | Found an oddly glowing altar of Pakellas.
  9041 | D:6      | Noticed a four-headed hydra
  9373 | D:7      | Found a flagged portal.
  9532 | Bailey   | Entered a bailey
  9636 | Bailey   | Found an iron altar of Okawaru.
  9636 | Bailey   | Noticed an orc sorcerer
  9636 | Bailey   | Noticed an orc high priest
  9688 | Bailey   | Noticed a soul eater
  9693 | Bailey   | Killed an orc sorcerer
  9693 | Bailey   | Reached skill level 6 in Spellcasting
  9693 | Bailey   | Reached skill level 7 in Conjurations
  9832 | Bailey   | Noticed a rust devil
  9848 | Bailey   | Noticed a rust devil
  9848 | Bailey   | Noticed an ice devil
  9849 | Bailey   | HP: 16/62 [orc high priest/divine providence (10)]
 10157 | Bailey   | Noticed a rust devil
 10165 | Bailey   | Reached skill level 7 in Ice Magic
 10184 | Bailey   | Killed an orc high priest
 10185 | Bailey   | Slain by an orc warrior

Skill      XL: |  1  2  3  4  5  6  7  8  9 |
---------------+----------------------------+-----
Spellcasting   | 2 3 4 5 6 |  6.2
Ice Magic      | 3 4 5 6 7 |  7.2
Conjurations   | 1 3 5 7 |  7.7
Charms         | 1 3 5 |  5.0
Dodging        | |  1.7
Stealth        | |  1.7

Action                   |  1- 3 |  4- 6 |  7- 9 || total
-------------------------+-------+-------+-------++-------
Melee: Whip              |       |    12 |   270 ||   282
       Double sword      |       |       |     7 ||     7
 Fire: Hunting sling     |    12 |    94 |   101 ||   207
Throw: Javelin           |       |     3 |    30 ||    33
       Tomahawk          |       |     1 |    11 ||    12
 Cast: Freeze            |    65 |    72 |    82 ||   219
       Throw Frost       |       |     7 |    10 ||    17
       Ozocubu's Armour  |       |     4 |    30 ||    34
       Throw Icicle      |       |       |    19 ||    19
       Summon Ice Beast  |       |       |    10 ||    10
Evoke: Wand              |       |       |     5 ||     5
  Use: Scroll            |     7 |     7 |    10 ||    24
       Potion            |       |       |     2 ||     2
  Eat: Chunk             |     7 |     8 |    16 ||    31
       Meat ration       |       |       |     1 ||     1
Armor: Robe              |     6 |     7 |    29 ||    42
       Leather armour    |     1 |     6 |    69 ||    76
Dodge: Dodged            |    39 |    48 |   269 ||   356

Table legend:
 A = Turns spent in this place as a percentage of turns spent in the entire game.
 B = Non-inter-level travel turns spent in this place as a percentage of non-inter-level travel turns spent in the entire game.
 C = Inter-level travel turns spent in this place as a percentage of turns spent in this place.
 D = Turns resting spent in this place as a percentage of non-inter-level travel turns spent in this place.
 E = Turns spent auto-exploring this place as a percentage of non-inter-level travel turns spent in this place.
 F = Non-inter-level travel turns spent in this place divided by the number of levels of this place that you've seen.
                   A       B       C       D       E      F
               +-------+-------+-------+-------+-------+----------------------
         Total | 100.0 | 100.0 |   0.3 |   2.7 |   3.9 | 442.9
       Dungeon |  91.4 |  91.4 |   0.4 |   2.6 |   4.0 | 520.7
        Temple |   0.3 |   0.3 |   8.3 |   0.0 |  90.9 |  11.0
        Bailey |   8.2 |   8.3 |   0.0 |   3.9 |   0.0 | 330.0
               +-------+-------+-------+-------+-------+----------------------

Vault maps used:
D:1:      dpeg_arrival_oval, amethyst_killhole
D:2:      old_standard_altar
D:3:      overflow_temple_1_default, first_bread, roderic_serpentine_path,
          st_stairs_9
D:4:      nicolae_gozag_cash_rules_everything_around_me,
          gammafunk_temple_overflow_pools
D:5:      old_forge, nicolae_overflow_hidden_temple, lemuel_blue_sif_altar
D:6:      lemuel_crystal_altar, temple_hall,
          gammafunk_pakellas_cloud_experiment, uniq_eustachio,
          uniq_prince_ribbit1
D:7:      nicolae_overflow_crystal_walls, enter_bailey_3, serial_bayou_lagoon_b,
          uniq_menkaure
Temple:   circular_temple_12
Bailey:   bailey_axe_of_yendor_kennysheep, bailey
